Inferno vs Mustangs

Created - April 14, 2018 at 18:59

Goals
1 2 3 T
Inferno 1 2 0 3
Mustangs 0 1 0 1
Shots
1 2 3 T
Inferno 8 21 3 32
Mustangs 9 26 7 42

1st period

1. Inferno , Vladimir Zharkov 48 (Victor Rask 12) at 5:27 (PP)

Penalties :
Josh Jooris (Ham) for Interference (Minor) at 5:18, Cameron Gaunce (Ham) for Hooking (Minor) at 8:27, Josh Jooris (Ham) for Holding Stick (Minor) at 14:45

2nd period

2. Mustangs , Riley Sheahan 41 (Marcus Foligno 55, Brady Skjei 54) at 0:12
3. Inferno , Bryan Rust 12 (Tanner Pearson 17, Cal O'Reilly 26) at 0:51
4. Inferno , Kyle Palmieri 30 (Matt Kassian 26) at 11:34

Penalties :
Matt Kassian (Anc) for Slashing (Minor) at 19:02

3rd period

No Goal

Penalties :
Marcus Foligno (Ham) for Roughing (Minor) at 14:45

Goalie Stats

Michael Hutchinson (Anc), 41 saves from 42 shots - (0.976), W, 26-18-3, 60:00 minutes
Peter Mannino (Ham), 29 saves from 32 shots - (0.906), L, 26-22-5, 60:00 minutes

Players Stats for Inferno

Player Name              G  A  P  +/- PIM S  H  SB GA TA FO     MP     PP MP  PK MP  
------------------------------------------------------------------------------------
Bryan Rust               1  0  1   1  0   1  0  0  0  0  0/0    12:29   0:05   0:00 
Cal O'Reilly             0  1  1   1  0   1  1  0  1  0  2/2    11:16   0:00   0:19 
Christian Folin          0  0  0   1  0   3  0  1  0  0  0/0    20:37   3:23   0:18 
Colby Robak              0  0  0  -1  0   2  1  2  0  1  0/0    23:45   3:23   1:41 
David Savard             0  0  0  -1  0   4  1  3  0  0  0/0    22:43   0:00   1:41 
David Ullstrom           0  0  0  -1  0   5  1  1  1  0  0/2    22:02   3:27   1:40 
Esa Lindell              0  0  0   1  0   0  1  0  0  2  0/0    16:40   2:43   0:00 
Greg Pateryn             0  0  0   1  0   1  0  2  1  0  0/0    16:40   2:43   0:00 
Kyle Palmieri            1  0  1   1  0   2  3  1  2  0  0/0    16:26   2:39   0:00 
Mathieu Brodeur          0  0  0   1  0   0  1  2  0  1  0/0    19:35   0:00   0:18 
Matt Kassian             0  1  1   1  2   3  0  0  0  0  0/0    14:29   0:00   0:00 
Matthew Nieto            0  0  0   0  0   1  0  0  0  0  0/1    10:19   0:00   0:00 
Philip Varone            0  0  0   0  0   0  0  0  0  2  1/3    11:44   2:34   0:00 
Tanner Pearson           0  1  1   1  0   1  1  0  0  1  0/1    13:35   2:39   0:00 
Tyler Shattock           0  0  0   0  0   0  2  0  0  0  0/0    10:13   0:00   0:00 
Victor Rask              0  1  1   1  0   0  1  1  0  0  11/18  16:51   3:27   0:00 
Vladimir Sobotka         0  0  0  -1  0   3  1  1  0  0  9/24   18:48   0:00   1:40 
Vladimir Zharkov         1  0  1  -1  0   5  2  1  0  0  0/0    19:48   3:27   0:19 

Players Stats for Mustangs

Player Name              G  A  P  +/- PIM S  H  SB GA TA FO     MP     PP MP  PK MP  
------------------------------------------------------------------------------------
Alexei Marchenko         0  0  0  -1  0   2  0  0  0  1  0/0    15:04   0:00   0:31 
Andrew Shaw              0  0  0  -1  0   2  1  0  0  0  0/0    15:49   0:52   0:00 
Brady Skjei              0  1  1   0  0   8  2  1  0  0  0/0    25:52   1:37   3:37 
Cameron Gaunce           0  0  0   0  2   0  1  3  0  0  0/0    25:26   1:37   2:33 
Curtis Hamilton          0  0  0   0  0   0  1  0  0  0  0/0     8:57   0:00   0:00 
Derek Joslin             0  0  0   0  0   4  0  0  0  0  0/0    19:53   0:22   2:38 
Francis Paré             0  0  0   0  0   3  0  0  0  0  0/0     8:57   0:00   0:00 
Jerome Samson            0  0  0   0  0   4  0  0  0  0  0/0    10:50   0:00   0:00 
Jim O'Brien              0  0  0   0  0   1  1  0  2  0  1/3    12:56   0:00   1:05 
Josh Jooris              0  0  0   0  4   1  4  1  1  1  0/0    17:28   1:07   0:00 
Joshua Leivo             0  0  0   0  0   1  0  0  1  0  0/0    12:22   0:00   1:01 
Marcus Foligno           0  1  1   0  2   1  3  1  0  0  1/2    20:14   1:07   2:20 
Mark Pysyk               0  0  0   0  0   2  3  0  0  1  0/0    18:59   0:22   1:58 
Mika Zibanejad           0  0  0  -1  0   2  3  1  1  1  7/11   17:35   0:52   1:19 
Rick Schofield           0  0  0   0  0   4  0  0  0  0  1/3     8:57   0:00   0:00 
Riley Sheahan            1  0  1   0  0   5  1  0  1  1  18/32  21:01   1:07   3:42 
Scott Mayfield           0  0  0  -1  0   0  3  1  0  0  0/0    15:19   0:00   0:55 
Tomas Tatar              0  0  0  -1  0   2  2  0  1  0  0/0    18:11   0:52   2:45 

3 Stars

1 - Michael Hutchinson (Anc)
2 - Kyle Palmieri (Anc)
3 - Bryan Rust (Anc)

Power Play

Inferno - 1 on 4 Attempt(s) - 25.00%
Mustangs - 0 on 1 Attempt(s) - 0.00%

Penalty Kill

Inferno - 1 on 1 Attempt(s) - 100.00% - Score 0 goal in Penalty Kill
Mustangs - 3 on 4 Attempt(s) - 75.00% - Score 0 goal in Penalty Kill

Team Stat

Inferno - Hits : 16 - Faceoff Wins : 23 - Blocked Shots : 15 - Penalty Minutes : 2
Mustangs - Hits : 25 - Faceoff Wins : 28 - Blocked Shots : 8 - Penalty Minutes : 8

Official

Referees : McCauley Wes and Hebert Ghislain
Linesman : Andy McElman and Mark Shewchyk

Game Notes

No Game Note

Finance

Level 1 -- Attendance: 1552 (77.60%) -- Ticket Income $62,080
Level 2 -- Attendance: 785 (78.50%) -- Ticket Income $15,700
Total Attendance: 2337 (77.90%)
Total Ticket Income: $77,780
Other Income: $3,889
Total Income: $81,669

Inferno

5 vs 5 Forward 
   Center                   Left Wing                Right Wing               Time % Phy DF OF 
 1 Vladimir Sobotka         David Ullstrom           Vladimir Zharkov         40     1   2  2  
 2 Victor Rask              Matt Kassian             Kyle Palmieri            30     1   2  2  
 3 Cal O'Reilly             Tanner Pearson           Bryan Rust               20     1   2  2  
 4 Philip Varone            Matthew Nieto            Tyler Shattock           10     1   2  2  

5 vs 5 Defense 
   Defense                  Defense                                           Time % Phy DF OF 
 1 Colby Robak              David Savard                                      40     1   2  2  
 2 Mathieu Brodeur          Christian Folin                                   30     1   2  2  
 3 Greg Pateryn             Esa Lindell                                       20     1   2  2  
 4 Mathieu Brodeur          David Savard                                      10     1   2  2  

PowerPlay Forward 
   Center                   Left Wing                Right Wing               Time % Phy DF OF 
 1 Victor Rask              David Ullstrom           Vladimir Zharkov         60     1   2  2  
 2 Philip Varone            Tanner Pearson           Kyle Palmieri            40     1   2  2  

PowerPlay Defense
   Defense                  Defense                                           Time % Phy DF OF 
 1 Colby Robak              Christian Folin                                   60     1   2  2  
 2 Greg Pateryn             Esa Lindell                                       40     1   2  2  

Penalty Kill 4 Players Forward 
   Center                   Wing                     Time % Phy DF OF 
 1 Vladimir Sobotka         David Ullstrom           60     1   2  2  
 2 Cal O'Reilly             Vladimir Zharkov         40     1   2  2  

Penalty Kill 4 Players Defense
   Defense                  Defense                  Time % Phy DF OF 
 1 Colby Robak              David Savard             60     1   2  2  
 2 Mathieu Brodeur          Christian Folin          40     1   2  2  

Penalty Kill - 3 Players Forward 
   Forward                                           Time % Phy DF OF 
 1 Vladimir Sobotka                                  60     1   2  2  
 2 David Ullstrom                                    40     1   2  2  

Penalty Kill - 3 Players Defense
   Defense                  Defense                  Time % Phy DF OF 
 1 Colby Robak              David Savard             60     1   2  2  
 2 Mathieu Brodeur          Christian Folin          40     1   2  2  

4 vs 4 Forward 
   Center                   Wing                     Time % Phy DF OF 
 1 Vladimir Sobotka         Kyle Palmieri            60     1   2  2  
 2 Victor Rask              David Ullstrom           40     1   2  2  

4 vs 4 Defense
   Defense                  Defense                  Time % Phy DF OF 
 1 Colby Robak              David Savard             60     1   2  2  
 2 Mathieu Brodeur          Christian Folin          40     1   2  2  

Last Minutes Offensive
   Center                   Left Wing                Right Wing               Defense                  Defense                  
   Vladimir Sobotka         David Ullstrom           Vladimir Zharkov         Colby Robak              David Savard             

Last Minutes Defensive
   Center                   Left Wing                Right Wing               Defense                  Defense                  
   Vladimir Sobotka         David Ullstrom           Vladimir Zharkov         Colby Robak              David Savard             

Goaltenders
Starting : Michael Hutchinson       
Backup : Christopher Gibson       

Extra Forwards
Normal : Victor Rask, Kyle Palmieri, Bryan Rust - PP : Tanner Pearson, Bryan Rust - PK : Vladimir Zharkov
Extra Defensemen
Normal : Mathieu Brodeur, Christian Folin, Greg Pateryn - PP : Esa Lindell - PK : Mathieu Brodeur, Greg Pateryn
Penalty Shots
Victor Rask, Vladimir Zharkov, Tanner Pearson, Bryan Rust, Matt Kassian

Scratches
Anders Lee (Healthy), Chris Brown (Healthy), Frank Corrado (Healthy), Ryan Spooner (Healthy), Joakim Nordstrom (Healthy)
Trevor Carrick (Healthy), Petteri Lindbohm (Healthy), Daniil Tarasov (Healthy), Branden Troock (Healthy), Simon Danis-Pepin (Healthy)
Luca Sbisa (Healthy), Nathan Lieuwen (Healthy)

Mustangs

5 vs 5 Forward 
   Center                   Left Wing                Right Wing               Time % Phy DF OF 
 1 Riley Sheahan            Marcus Foligno           Josh Jooris              40     1   2  2  
 2 Mika Zibanejad           Tomas Tatar              Andrew Shaw              30     1   2  2  
 3 Jim O'Brien              Joshua Leivo             Jerome Samson            20     1   2  2  
 4 Rick Schofield           Curtis Hamilton          Francis Paré             10     1   2  2  

5 vs 5 Defense 
   Defense                  Defense                                           Time % Phy DF OF 
 1 Cameron Gaunce           Brady Skjei                                       44     1   2  2  
 2 Derek Joslin             Mark Pysyk                                        33     1   2  2  
 3 Alexei Marchenko         Scott Mayfield                                    23     1   2  2  
 4 Cameron Gaunce           Brady Skjei                                       0      1   2  2  

PowerPlay Forward 
   Center                   Left Wing                Right Wing               Time % Phy DF OF 
 1 Riley Sheahan            Marcus Foligno           Josh Jooris              60     1   2  2  
 2 Mika Zibanejad           Tomas Tatar              Andrew Shaw              40     1   2  2  

PowerPlay Defense
   Defense                  Defense                                           Time % Phy DF OF 
 1 Cameron Gaunce           Brady Skjei                                       60     1   2  2  
 2 Derek Joslin             Mark Pysyk                                        40     1   2  2  

Penalty Kill 4 Players Forward 
   Center                   Wing                     Time % Phy DF OF 
 1 Riley Sheahan            Marcus Foligno           60     1   2  2  
 2 Jim O'Brien              Tomas Tatar              40     1   2  2  

Penalty Kill 4 Players Defense
   Defense                  Defense                  Time % Phy DF OF 
 1 Cameron Gaunce           Brady Skjei              60     1   2  2  
 2 Derek Joslin             Mark Pysyk               40     1   2  2  

Penalty Kill - 3 Players Forward 
   Forward                                           Time % Phy DF OF 
 1 Riley Sheahan                                     60     1   2  2  
 2 Jim O'Brien                                       40     1   2  2  

Penalty Kill - 3 Players Defense
   Defense                  Defense                  Time % Phy DF OF 
 1 Cameron Gaunce           Brady Skjei              60     1   2  2  
 2 Derek Joslin             Mark Pysyk               40     1   2  2  

4 vs 4 Forward 
   Center                   Wing                     Time % Phy DF OF 
 1 Riley Sheahan            Marcus Foligno           60     1   2  2  
 2 Mika Zibanejad           Tomas Tatar              40     1   2  2  

4 vs 4 Defense
   Defense                  Defense                  Time % Phy DF OF 
 1 Cameron Gaunce           Brady Skjei              60     1   2  2  
 2 Derek Joslin             Mark Pysyk               40     1   2  2  

Last Minutes Offensive
   Center                   Left Wing                Right Wing               Defense                  Defense                  
   Riley Sheahan            Marcus Foligno           Josh Jooris              Cameron Gaunce           Brady Skjei              

Last Minutes Defensive
   Center                   Left Wing                Right Wing               Defense                  Defense                  
   Riley Sheahan            Marcus Foligno           Josh Jooris              Cameron Gaunce           Brady Skjei              

Goaltenders
Starting : Peter Mannino            
Backup : Chet Pickard             

Extra Forwards
Normal : Riley Sheahan, Mika Zibanejad, Jim O'Brien - PP : Mika Zibanejad, Riley Sheahan - PK : Marcus Foligno
Extra Defensemen
Normal : Brady Skjei, Mark Pysyk, Cameron Gaunce - PP : Brady Skjei - PK : Derek Joslin, Cameron Gaunce
Penalty Shots
Riley Sheahan, Mika Zibanejad, Andrew Shaw, Marcus Foligno, Josh Jooris

Scratches
Roman Horak (Healthy), Andreas Athanasiou (Upper Body Injury), Dominik Uher (Healthy), Joe Finley (Healthy), Eric Knodel (Healthy)
Matthew Finn (Healthy), Danny Biega (Healthy), Raphael Bussieres (Healthy), Sam Kurker (Healthy), Max Gortz (Healthy)
Denis Bodrov (Healthy), Riley Nash (Healthy), Justin Peters (Healthy), Joacim Eriksson (Healthy)

% Time on Ice - Inferno

Lines # - Real PCT - Wanted PCT - Time Play
Normal Forward
1 - 34% - 40% - 17:32
2 - 28% - 30% - 14:38
3 - 21% - 20% - 10:57
4 - 17% - 10% - 8:48
Normal Defense
1 - 36% - 40% - 18:41
2 - 32% - 30% - 16:42
3 - 27% - 20% - 13:50
4 - 5% - 10% - 2:42
PP Forward
1 - 57% - 60% - 3:27
2 - 43% - 40% - 2:39
PP Defense
1 - 55% - 60% - 3:23
2 - 45% - 40% - 2:43
PK Forward
1 - 84% - 60% - 1:40
2 - 16% - 40% - 0:19
PK Defense
1 - 85% - 60% - 1:41
2 - 15% - 40% - 0:18
PK3 Forward
1 - 0% - 60%
2 - 0% - 40%
PK3 Defense
1 - 0% - 60%
2 - 0% - 40%
44 Forward
1 - 0% - 60%
2 - 0% - 40%
44 Defense
1 - 0% - 60%
2 - 0% - 40%
Last Minute Offensive  - 0:00
Last Minute Defensive  - 0:00
Total
Forward - 60:00
Defense - 60:00

% Time on Ice - Mustangs

Lines # - Real PCT - Wanted PCT - Time Play
Normal Forward
1 - 34% - 40% - 17:39
2 - 28% - 30% - 14:44
3 - 20% - 20% - 10:35
4 - 17% - 10% - 8:57
Normal Defense
1 - 40% - 44% - 21:01
2 - 33% - 33% - 17:04
3 - 27% - 23% - 13:50
4 - 0% - 0% - 0:00
PP Forward
1 - 56% - 60% - 1:07
2 - 44% - 40% - 0:52
PP Defense
1 - 82% - 60% - 1:37
2 - 18% - 40% - 0:22
PK Forward
1 - 82% - 60% - 5:01
2 - 18% - 40% - 1:05
PK Defense
1 - 68% - 60% - 4:08
2 - 32% - 40% - 1:58
PK3 Forward
1 - 0% - 60%
2 - 0% - 40%
PK3 Defense
1 - 0% - 60%
2 - 0% - 40%
44 Forward
1 - 0% - 60%
2 - 0% - 40%
44 Defense
1 - 0% - 60%
2 - 0% - 40%
Last Minute Offensive  - 0:00
Last Minute Defensive  - 0:00
Total
Forward - 60:00
Defense - 60:00

Play by Play

1st period


0:01 of 1st period - Riley Sheahan wins face-off versus David Ullstrom in neutral zone.
0:10 of 1st period - Wrist shot by Riley Sheahan.
0:10 of 1st period - Stopped by Michael Hutchinson without a rebound.
0:11 of 1st period - Mika Zibanejad wins face-off versus Victor Rask in Inferno zone.
0:19 of 1st period - Slapshot by Derek Joslin.
0:19 of 1st period - Deflect By Kyle Palmieri.
0:19 of 1st period - Stopped by Michael Hutchinson without a rebound.
0:20 of 1st period - Mika Zibanejad wins face-off versus Victor Rask in Inferno zone.
0:31 of 1st period - Snap shot by Mika Zibanejad.
0:31 of 1st period - Shot Misses the Net.
0:41 of 1st period - Wrist shot by Mika Zibanejad.
0:41 of 1st period - Stopped by Michael Hutchinson with a rebound.
0:43 of 1st period - Snap shot by Derek Joslin.
0:43 of 1st period - Shot Blocked by Christian Folin.
0:57 of 1st period - Snap shot by Tomas Tatar.
0:57 of 1st period - Shot Blocked by Mathieu Brodeur.
1:37 of 1st period - Wrist shot by Mika Zibanejad.
1:37 of 1st period - Shot Misses the Net.
1:39 of 1st period - Snap shot by Derek Joslin.
1:39 of 1st period - Deflect By Andrew Shaw.
1:39 of 1st period - Stopped by Michael Hutchinson with a rebound.
1:55 of 1st period - Wrist shot by Tomas Tatar.
1:55 of 1st period - Shot Misses the Net.
2:19 of 1st period - Snap shot by Mika Zibanejad.
2:19 of 1st period - Shot Misses the Net.
2:21 of 1st period - Slapshot by Derek Joslin.
2:21 of 1st period - Stopped by Michael Hutchinson without a rebound.
2:22 of 1st period - Riley Sheahan wins face-off versus Vladimir Sobotka in Inferno zone.
2:41 of 1st period - Vladimir Zharkov is hit by Josh Jooris and loses puck.
3:01 of 1st period - Off-side.
3:02 of 1st period - Cal O'Reilly wins face-off versus Rick Schofield in neutral zone.
3:31 of 1st period - Slapshot by Cameron Gaunce.
3:31 of 1st period - Shot Blocked by Greg Pateryn.
3:55 of 1st period - Snap shot by Vladimir Zharkov.
3:55 of 1st period - Shot Blocked by Cameron Gaunce.
3:59 of 1st period - Wrist shot by Vladimir Zharkov.
3:59 of 1st period - Deflect By Vladimir Sobotka.
3:59 of 1st period - Stopped by Peter Mannino with a rebound.
4:01 of 1st period - Wrist shot by David Ullstrom.
4:01 of 1st period - Deflect By Vladimir Sobotka.
4:01 of 1st period - Stopped by Peter Mannino without a rebound.
4:02 of 1st period - Jim O'Brien wins face-off versus Matthew Nieto in Mustangs zone.
4:12 of 1st period - Off-side.
4:13 of 1st period - Vladimir Sobotka wins face-off versus Riley Sheahan in neutral zone.
4:28 of 1st period - Vladimir Zharkov is hit by Marcus Foligno and loses puck.
4:39 of 1st period - Joshua Leivo is hit by Colby Robak.
5:18 of 1st period - Minor Penalty to Josh Jooris for Interference.
5:19 of 1st period - Victor Rask wins face-off versus Riley Sheahan in Mustangs zone.
5:25 of 1st period - Snap shot by Vladimir Zharkov.
5:25 of 1st period - Shot Misses the Net.
5:27 of 1st period - Wrist shot by Vladimir Zharkov.
5:27 of 1st period - Goal by Vladimir Zharkov - Inferno : 1 - Mustangs : 0.
5:28 of 1st period - Riley Sheahan wins face-off versus Vladimir Sobotka in neutral zone.
5:31 of 1st period - Wrist shot by Riley Sheahan.
5:31 of 1st period - Shot Blocked by David Ullstrom.
6:25 of 1st period - Slapshot by Brady Skjei.
6:25 of 1st period - Stopped by Michael Hutchinson with a rebound.
6:39 of 1st period - Slapshot by Rick Schofield.
6:39 of 1st period - Shot Blocked by Vladimir Zharkov.
6:41 of 1st period - Slapshot by Mark Pysyk.
6:41 of 1st period - Stopped by Michael Hutchinson with a rebound.
6:43 of 1st period - Wrist shot by Rick Schofield.
6:43 of 1st period - Stopped by Michael Hutchinson with a rebound.
6:45 of 1st period - Snap shot by Rick Schofield.
6:45 of 1st period - Deflect By Francis Paré.
6:45 of 1st period - Stopped by Michael Hutchinson with a rebound.
7:21 of 1st period - Greg Pateryn is hit by Scott Mayfield and loses puck.
7:40 of 1st period - Alexei Marchenko is hit by Esa Lindell and loses puck.
8:02 of 1st period - Backhand shot by Cal O'Reilly.
8:02 of 1st period - Stopped by Peter Mannino without a rebound.
8:03 of 1st period - Riley Sheahan wins face-off versus Vladimir Sobotka in Mustangs zone.
8:27 of 1st period - Minor Penalty to Cameron Gaunce for Hooking.
8:28 of 1st period - Victor Rask wins face-off versus Riley Sheahan in Mustangs zone.
8:29 of 1st period - Slapshot by Vladimir Zharkov.
8:29 of 1st period - Deflect By David Ullstrom.
8:29 of 1st period - Stopped by Peter Mannino without a rebound.
8:30 of 1st period - Riley Sheahan wins face-off versus Victor Rask in Mustangs zone.
10:09 of 1st period - Mark Pysyk is hit by David Ullstrom and loses puck.
10:27 of 1st period - Penalty to Cameron Gaunce is over, Cameron Gaunce is back on ice.
12:22 of 1st period - David Savard is hit by Josh Jooris.
13:18 of 1st period - Victor Rask is hit by Mika Zibanejad and loses puck.
13:51 of 1st period - Mark Pysyk is hit by Cal O'Reilly and loses puck.
14:34 of 1st period - Mathieu Brodeur is hit by Cameron Gaunce.
14:45 of 1st period - Minor Penalty to Josh Jooris for Holding Stick.
14:46 of 1st period - Philip Varone wins face-off versus Riley Sheahan in Mustangs zone.
14:49 of 1st period - Backhand shot by Tanner Pearson.
14:49 of 1st period - Stopped by Peter Mannino without a rebound.
14:50 of 1st period - Riley Sheahan wins face-off versus Philip Varone in Mustangs zone.
14:58 of 1st period - Off-side.
14:59 of 1st period - Victor Rask wins face-off versus Riley Sheahan in neutral zone.
15:06 of 1st period - Snap shot by David Ullstrom.
15:06 of 1st period - Stopped by Peter Mannino with a rebound.
15:08 of 1st period - Slapshot by Colby Robak.
15:08 of 1st period - Shot Misses the Net.
15:10 of 1st period - Wrist shot by Colby Robak.
15:10 of 1st period - Stopped by Peter Mannino without a rebound.
15:11 of 1st period - Marcus Foligno wins face-off versus Victor Rask in Mustangs zone.
16:45 of 1st period - Penalty to Josh Jooris is over, Josh Jooris is back on ice.
16:50 of 1st period - Snap shot by Derek Joslin.
16:50 of 1st period - Shot Blocked by Colby Robak.
17:12 of 1st period - Cal O'Reilly is hit by Andrew Shaw and loses puck.
17:27 of 1st period - David Ullstrom is hit by Mark Pysyk and loses puck.
17:52 of 1st period - Philip Varone is hit by Marcus Foligno and loses puck.
18:37 of 1st period - Alexei Marchenko is hit by Tyler Shattock and loses puck.
18:54 of 1st period - Marcus Foligno is hit by Mathieu Brodeur and loses puck.
19:25 of 1st period - Slapshot by Derek Joslin.
19:25 of 1st period - Shot Blocked by Vladimir Sobotka.
Goals for this period are 1 for Inferno vs 0 for Mustangs.
Shots for this period are 8 for Inferno vs 9 for Mustangs.

2nd period


0:01 of 2nd period - Riley Sheahan wins face-off versus Vladimir Sobotka in neutral zone.
0:06 of 2nd period - Snap shot by Marcus Foligno.
0:06 of 2nd period - Shot Misses the Net.
0:08 of 2nd period - Wrist shot by Marcus Foligno.
0:08 of 2nd period - Shot Misses the Net.
0:10 of 2nd period - Slapshot by Riley Sheahan.
0:10 of 2nd period - Stopped by Michael Hutchinson with a rebound.
0:12 of 2nd period - Snap shot by Riley Sheahan.
0:12 of 2nd period - Goal by Riley Sheahan - Inferno : 1 - Mustangs : 1.
0:13 of 2nd period - Riley Sheahan wins face-off versus Vladimir Sobotka in neutral zone.
0:16 of 2nd period - Snap shot by Marcus Foligno.
0:16 of 2nd period - Stopped by Michael Hutchinson with a rebound.
0:47 of 2nd period - Wrist shot by Cal O'Reilly.
0:47 of 2nd period - Shot Blocked by Cameron Gaunce.
0:49 of 2nd period - Snap shot by Tanner Pearson.
0:49 of 2nd period - Shot Misses the Net.
0:51 of 2nd period - Snap shot by Bryan Rust.
0:51 of 2nd period - Goal by Bryan Rust - Inferno : 2 - Mustangs : 1.
0:52 of 2nd period - Vladimir Sobotka wins face-off versus Mika Zibanejad in neutral zone.
1:21 of 2nd period - Off-side.
1:22 of 2nd period - Victor Rask wins face-off versus Riley Sheahan in neutral zone.
1:25 of 2nd period - Wrist shot by Matt Kassian.
1:25 of 2nd period - Stopped by Peter Mannino without a rebound.
1:26 of 2nd period - Vladimir Sobotka wins face-off versus Marcus Foligno in Mustangs zone.
1:27 of 2nd period - Snap shot by Vladimir Zharkov.
1:27 of 2nd period - Stopped by Peter Mannino with a rebound.
1:29 of 2nd period - Wrist shot by David Ullstrom.
1:29 of 2nd period - Shot Misses the Net.
1:31 of 2nd period - Wrist shot by Vladimir Sobotka.
1:31 of 2nd period - Shot Misses the Net.
1:33 of 2nd period - Wrist shot by Vladimir Sobotka.
1:33 of 2nd period - Deflect By Vladimir Zharkov.
1:33 of 2nd period - Shot Blocked by Scott Mayfield.
1:33 of 2nd period - Puck is out of play.
1:34 of 2nd period - Riley Sheahan wins face-off versus Vladimir Sobotka in Mustangs zone.
1:34 of 2nd period - Riley Sheahan is hit by Vladimir Sobotka.
1:40 of 2nd period - Wrist shot by Vladimir Sobotka.
1:40 of 2nd period - Shot Blocked by Josh Jooris.
1:42 of 2nd period - Wrist shot by Vladimir Zharkov.
1:42 of 2nd period - Shot Misses the Net.
1:44 of 2nd period - Snap shot by Colby Robak.
1:44 of 2nd period - Stopped by Peter Mannino with a rebound.
1:46 of 2nd period - Wrist shot by David Ullstrom.
1:46 of 2nd period - Stopped by Peter Mannino with a rebound.
1:48 of 2nd period - Snap shot by David Savard.
1:48 of 2nd period - Stopped by Peter Mannino without a rebound.
1:49 of 2nd period - Victor Rask wins face-off versus Mika Zibanejad in Mustangs zone.
2:00 of 2nd period - Brady Skjei is hit by Victor Rask and loses puck.
3:28 of 2nd period - Snap shot by Mika Zibanejad.
3:28 of 2nd period - Shot Misses the Net.
3:30 of 2nd period - Slapshot by Mark Pysyk.
3:30 of 2nd period - Stopped by Michael Hutchinson without a rebound.
3:31 of 2nd period - Mika Zibanejad wins face-off versus Vladimir Sobotka in Inferno zone.
4:17 of 2nd period - Snap shot by Jerome Samson.
4:17 of 2nd period - Stopped by Michael Hutchinson with a rebound.
4:19 of 2nd period - Snap shot by Jerome Samson.
4:19 of 2nd period - Stopped by Michael Hutchinson with a rebound.
4:26 of 2nd period - Off-side.
4:27 of 2nd period - Mika Zibanejad wins face-off versus Vladimir Sobotka in neutral zone.
4:44 of 2nd period - David Ullstrom is hit by Tomas Tatar and loses puck.
4:57 of 2nd period - Slapshot by Kyle Palmieri.
4:57 of 2nd period - Stopped by Peter Mannino without a rebound.
4:58 of 2nd period - Riley Sheahan wins face-off versus Victor Rask in Mustangs zone.
5:28 of 2nd period - Mika Zibanejad is hit by Vladimir Zharkov and loses puck.
6:18 of 2nd period - Tyler Shattock is hit by Marcus Foligno and loses puck.
6:35 of 2nd period - Wrist shot by Tomas Tatar.
6:35 of 2nd period - Stopped by Michael Hutchinson with a rebound.
6:37 of 2nd period - Slapshot by Cameron Gaunce.
6:37 of 2nd period - Shot Misses the Net.
6:39 of 2nd period - Slapshot by Cameron Gaunce.
6:39 of 2nd period - Shot Misses the Net.
7:09 of 2nd period - Wrist shot by Jerome Samson.
7:09 of 2nd period - Shot Blocked by Mathieu Brodeur.
7:32 of 2nd period - Wrist shot by Rick Schofield.
7:32 of 2nd period - Stopped by Michael Hutchinson with a rebound.
7:34 of 2nd period - Backhand shot by Cameron Gaunce.
7:34 of 2nd period - Shot Misses the Net.
7:36 of 2nd period - Snap shot by Rick Schofield.
7:36 of 2nd period - Shot Misses the Net.
9:07 of 2nd period - Wrist shot by Derek Joslin.
9:07 of 2nd period - Stopped by Michael Hutchinson with a rebound.
9:34 of 2nd period - Jerome Samson is hit by Kyle Palmieri and loses puck.
9:50 of 2nd period - Tomas Tatar is hit by Tyler Shattock and loses puck.
10:06 of 2nd period - Brady Skjei is hit by Tanner Pearson and loses puck.
10:15 of 2nd period - Wrist shot by Tanner Pearson.
10:15 of 2nd period - Shot Misses the Net.
10:29 of 2nd period - Matt Kassian is hit by Brady Skjei and loses puck.
10:34 of 2nd period - Snap shot by Rick Schofield.
10:34 of 2nd period - Stopped by Michael Hutchinson with a rebound.
10:38 of 2nd period - Slapshot by Brady Skjei.
10:38 of 2nd period - Shot Blocked by Victor Rask.
10:40 of 2nd period - Snap shot by Brady Skjei.
10:40 of 2nd period - Deflect By Rick Schofield.
10:40 of 2nd period - Shot Blocked by Kyle Palmieri.
10:40 of 2nd period - Puck is out of play.
10:41 of 2nd period - Vladimir Sobotka wins face-off versus Riley Sheahan in Inferno zone.
11:29 of 2nd period - Alexei Marchenko is hit by Kyle Palmieri and loses puck.
11:34 of 2nd period - Snap shot by Kyle Palmieri.
11:34 of 2nd period - Goal by Kyle Palmieri - Inferno : 3 - Mustangs : 1.
11:35 of 2nd period - Victor Rask wins face-off versus Riley Sheahan in neutral zone.
11:42 of 2nd period - Wrist shot by Matt Kassian.
11:42 of 2nd period - Stopped by Peter Mannino without a rebound.
11:43 of 2nd period - Victor Rask wins face-off versus Riley Sheahan in Mustangs zone.
11:56 of 2nd period - Victor Rask is hit by Josh Jooris and loses puck.
12:11 of 2nd period - Wrist shot by Riley Sheahan.
12:11 of 2nd period - Shot Misses the Net.
12:13 of 2nd period - Slapshot by Derek Joslin.
12:13 of 2nd period - Stopped by Michael Hutchinson without a rebound.
12:14 of 2nd period - Vladimir Sobotka wins face-off versus Mika Zibanejad in Inferno zone.
12:23 of 2nd period - Wrist shot by David Ullstrom.
12:23 of 2nd period - Stopped by Peter Mannino with a rebound.
12:25 of 2nd period - Wrist shot by Christian Folin.
12:25 of 2nd period - Stopped by Peter Mannino with a rebound.
12:27 of 2nd period - Slapshot by Vladimir Zharkov.
12:27 of 2nd period - Stopped by Peter Mannino with a rebound.
12:29 of 2nd period - Slapshot by Christian Folin.
12:29 of 2nd period - Deflect By Tomas Tatar.
12:29 of 2nd period - Stopped by Peter Mannino with a rebound.
12:43 of 2nd period - Slapshot by Matthew Nieto.
12:43 of 2nd period - Shot Blocked by Mika Zibanejad.
13:19 of 2nd period - Slapshot by Mika Zibanejad.
13:19 of 2nd period - Stopped by Michael Hutchinson with a rebound.
13:21 of 2nd period - Wrist shot by Tomas Tatar.
13:21 of 2nd period - Shot Blocked by David Savard.
13:23 of 2nd period - Wrist shot by Tomas Tatar.
13:23 of 2nd period - Stopped by Michael Hutchinson without a rebound.
13:24 of 2nd period - Riley Sheahan wins face-off versus Vladimir Sobotka in Inferno zone.
13:27 of 2nd period - Wrist shot by Josh Jooris.
13:27 of 2nd period - Stopped by Michael Hutchinson with a rebound.
13:58 of 2nd period - Slapshot by Christian Folin.
13:58 of 2nd period - Stopped by Peter Mannino without a rebound.
13:59 of 2nd period - Riley Sheahan wins face-off versus Victor Rask in Mustangs zone.
14:12 of 2nd period - Wrist shot by David Savard.
14:12 of 2nd period - Stopped by Peter Mannino with a rebound.
14:34 of 2nd period - Snap shot by Jerome Samson.
14:34 of 2nd period - Stopped by Michael Hutchinson with a rebound.
14:36 of 2nd period - Backhand shot by Jerome Samson.
14:36 of 2nd period - Stopped by Michael Hutchinson without a rebound.
14:37 of 2nd period - Victor Rask wins face-off versus Riley Sheahan in Inferno zone.
15:19 of 2nd period - Icing by Scott Mayfield.
15:20 of 2nd period - Cal O'Reilly wins face-off versus Jim O'Brien in Mustangs zone.
15:23 of 2nd period - Snap shot by Bryan Rust.
15:23 of 2nd period - Shot Misses the Net.
15:45 of 2nd period - Slapshot by David Savard.
15:45 of 2nd period - Stopped by Peter Mannino without a rebound.
15:46 of 2nd period - Riley Sheahan wins face-off versus Vladimir Sobotka in Mustangs zone.
15:59 of 2nd period - Slapshot by Vladimir Zharkov.
15:59 of 2nd period - Stopped by Peter Mannino with a rebound.
16:01 of 2nd period - Snap shot by Vladimir Zharkov.
16:01 of 2nd period - Stopped by Peter Mannino without a rebound.
16:02 of 2nd period - Victor Rask wins face-off versus Mika Zibanejad in Mustangs zone.
16:09 of 2nd period - Wrist shot by Matt Kassian.
16:09 of 2nd period - Stopped by Peter Mannino with a rebound.
16:11 of 2nd period - Snap shot by David Savard.
16:11 of 2nd period - Stopped by Peter Mannino with a rebound.
17:08 of 2nd period - Icing by Esa Lindell.
17:09 of 2nd period - Vladimir Sobotka wins face-off versus Jim O'Brien in Inferno zone.
17:38 of 2nd period - Mathieu Brodeur is hit by Josh Jooris and loses puck.
17:57 of 2nd period - Icing by Curtis Hamilton.
17:58 of 2nd period - Vladimir Sobotka wins face-off versus Rick Schofield in Mustangs zone.
17:59 of 2nd period - Wrist shot by David Ullstrom.
17:59 of 2nd period - Stopped by Peter Mannino with a rebound.
18:06 of 2nd period - Icing by Curtis Hamilton.
18:07 of 2nd period - Rick Schofield wins face-off versus Vladimir Sobotka in Mustangs zone.
18:07 of 2nd period - Rick Schofield is hit by David Savard.
18:17 of 2nd period - Snap shot by Brady Skjei.
18:17 of 2nd period - Deflect By Colby Robak.
18:17 of 2nd period - Stopped by Michael Hutchinson with a rebound.
18:19 of 2nd period - Slapshot by Francis Paré.
18:19 of 2nd period - Stopped by Michael Hutchinson with a rebound.
18:21 of 2nd period - Snap shot by Rick Schofield.
18:21 of 2nd period - Shot Misses the Net.
18:25 of 2nd period - Backhand shot by Brady Skjei.
18:25 of 2nd period - Shot Blocked by David Savard.
18:27 of 2nd period - Slapshot by Francis Paré.
18:27 of 2nd period - Stopped by Michael Hutchinson with a rebound.
18:41 of 2nd period - Wrist shot by Brady Skjei.
18:41 of 2nd period - Shot Blocked by David Savard.
18:43 of 2nd period - Slapshot by Rick Schofield.
18:43 of 2nd period - Shot Misses the Net.
18:45 of 2nd period - Snap shot by Curtis Hamilton.
18:45 of 2nd period - Shot Misses the Net.
18:47 of 2nd period - Slapshot by Rick Schofield.
18:47 of 2nd period - Shot Misses the Net.
18:51 of 2nd period - Wrist shot by Rick Schofield.
18:51 of 2nd period - Stopped by Michael Hutchinson with a rebound.
18:53 of 2nd period - Slapshot by Cameron Gaunce.
18:53 of 2nd period - Shot Misses the Net.
18:57 of 2nd period - Slapshot by Brady Skjei.
18:57 of 2nd period - Stopped by Michael Hutchinson without a rebound.
18:58 of 2nd period - Victor Rask wins face-off versus Riley Sheahan in Inferno zone.
19:02 of 2nd period - Minor Penalty to Matt Kassian for Slashing.
19:03 of 2nd period - Riley Sheahan wins face-off versus Vladimir Sobotka in Inferno zone.
19:03 of 2nd period - Slapshot by Brady Skjei.
19:03 of 2nd period - Shot Misses the Net.
19:13 of 2nd period - Wrist shot by Riley Sheahan.
19:13 of 2nd period - Stopped by Michael Hutchinson with a rebound.
19:15 of 2nd period - Backhand shot by Brady Skjei.
19:15 of 2nd period - Stopped by Michael Hutchinson with a rebound.
19:19 of 2nd period - Snap shot by Brady Skjei.
19:19 of 2nd period - Stopped by Michael Hutchinson without a rebound.
19:20 of 2nd period - Vladimir Sobotka wins face-off versus Riley Sheahan in Inferno zone.
19:35 of 2nd period - Snap shot by Brady Skjei.
19:35 of 2nd period - Stopped by Michael Hutchinson without a rebound.
19:36 of 2nd period - Mika Zibanejad wins face-off versus Vladimir Sobotka in Inferno zone.
19:39 of 2nd period - Slapshot by Andrew Shaw.
19:39 of 2nd period - Shot Misses the Net.
19:49 of 2nd period - Wrist shot by Andrew Shaw.
19:49 of 2nd period - Stopped by Michael Hutchinson with a rebound.
Goals for this period are 2 for Inferno vs 1 for Mustangs.
Shots for this period are 21 for Inferno vs 26 for Mustangs.

3rd period


0:01 of 3rd period - Riley Sheahan wins face-off versus David Ullstrom in neutral zone.
0:36 of 3rd period - Wrist shot by Andrew Shaw.
0:36 of 3rd period - Shot Blocked by Colby Robak.
1:02 of 3rd period - Penalty to Matt Kassian is over, Matt Kassian is back on ice.
1:06 of 3rd period - David Ullstrom is hit by Mark Pysyk.
2:00 of 3rd period - Snap shot by Bryan Rust.
2:00 of 3rd period - Shot Misses the Net.
2:06 of 3rd period - Cal O'Reilly is hit by Jim O'Brien and loses puck.
2:39 of 3rd period - Slapshot by Rick Schofield.
2:39 of 3rd period - Shot Misses the Net.
3:15 of 3rd period - Tyler Shattock is hit by Scott Mayfield and loses puck.
3:51 of 3rd period - Matthew Nieto is hit by Scott Mayfield and loses puck.
4:15 of 3rd period - Kyle Palmieri is hit by Riley Sheahan and loses puck.
4:45 of 3rd period - Bryan Rust is hit by Mika Zibanejad and loses puck.
5:07 of 3rd period - Icing by Marcus Foligno.
5:08 of 3rd period - Vladimir Sobotka wins face-off versus Riley Sheahan in Mustangs zone.
7:46 of 3rd period - David Ullstrom is hit by Mika Zibanejad and loses puck.
8:35 of 3rd period - Mathieu Brodeur is hit by Mark Pysyk and loses puck.
9:41 of 3rd period - Snap shot by Francis Paré.
9:41 of 3rd period - Shot Misses the Net.
10:17 of 3rd period - Snap shot by Philip Varone.
10:17 of 3rd period - Deflect By Matthew Nieto.
10:17 of 3rd period - Stopped by Peter Mannino without a rebound.
10:18 of 3rd period - Mika Zibanejad wins face-off versus Victor Rask in Mustangs zone.
10:43 of 3rd period - Mark Pysyk is hit by Vladimir Zharkov and loses puck.
10:54 of 3rd period - Icing by Derek Joslin.
10:55 of 3rd period - Riley Sheahan wins face-off versus Vladimir Sobotka in Mustangs zone.
11:04 of 3rd period - Snap shot by Riley Sheahan.
11:04 of 3rd period - Stopped by Michael Hutchinson with a rebound.
11:06 of 3rd period - Wrist shot by Riley Sheahan.
11:06 of 3rd period - Shot Misses the Net.
11:08 of 3rd period - Backhand shot by Brady Skjei.
11:08 of 3rd period - Deflect By Esa Lindell.
11:08 of 3rd period - Stopped by Michael Hutchinson with a rebound.
11:10 of 3rd period - Slapshot by Brady Skjei.
11:10 of 3rd period - Stopped by Michael Hutchinson with a rebound.
11:31 of 3rd period - Tomas Tatar is hit by Kyle Palmieri and loses puck.
12:16 of 3rd period - Wrist shot by Philip Varone.
12:16 of 3rd period - Shot Blocked by Brady Skjei.
12:18 of 3rd period - Backhand shot by Matthew Nieto.
12:18 of 3rd period - Deflect By Rick Schofield.
12:18 of 3rd period - Shot Blocked by Cameron Gaunce.
12:18 of 3rd period - Puck is out of play.
12:19 of 3rd period - Riley Sheahan wins face-off versus Vladimir Sobotka in Mustangs zone.
12:28 of 3rd period - Snap shot by David Ullstrom.
12:28 of 3rd period - Shot Blocked by Marcus Foligno.
12:34 of 3rd period - Slapshot by Vladimir Sobotka.
12:34 of 3rd period - Stopped by Peter Mannino with a rebound.
12:44 of 3rd period - Christian Folin is hit by Brady Skjei.
13:23 of 3rd period - Slapshot by Greg Pateryn.
13:23 of 3rd period - Stopped by Peter Mannino with a rebound.
13:31 of 3rd period - Icing by Philip Varone.
13:32 of 3rd period - Riley Sheahan wins face-off versus Philip Varone in Inferno zone.
13:57 of 3rd period - Snap shot by Jim O'Brien.
13:57 of 3rd period - Shot Blocked by Greg Pateryn.
13:59 of 3rd period - Slapshot by Alexei Marchenko.
13:59 of 3rd period - Stopped by Michael Hutchinson with a rebound.
14:01 of 3rd period - Slapshot by Alexei Marchenko.
14:01 of 3rd period - Stopped by Michael Hutchinson with a rebound.
14:03 of 3rd period - Backhand shot by Joshua Leivo.
14:03 of 3rd period - Stopped by Michael Hutchinson with a rebound.
14:09 of 3rd period - Snap shot by Jim O'Brien.
14:09 of 3rd period - Stopped by Michael Hutchinson with a rebound.
14:45 of 3rd period - Minor Penalty to Marcus Foligno for Roughing.
14:46 of 3rd period - Victor Rask wins face-off versus Riley Sheahan in Mustangs zone.
14:58 of 3rd period - Snap shot by Colby Robak.
14:58 of 3rd period - Shot Misses the Net.
15:45 of 3rd period - Off-side.
15:46 of 3rd period - Mika Zibanejad wins face-off versus Tanner Pearson in neutral zone.
16:23 of 3rd period - Esa Lindell is hit by Tomas Tatar and loses puck.
16:40 of 3rd period - Slapshot by Kyle Palmieri.
16:40 of 3rd period - Shot Misses the Net.
16:45 of 3rd period - Penalty to Marcus Foligno is over, Marcus Foligno is back on ice.
17:36 of 3rd period - Tyler Shattock is hit by Curtis Hamilton and loses puck.
Goals for this period are 0 for Inferno vs 0 for Mustangs.
Shots for this period are 3 for Inferno vs 7 for Mustangs.